AoeStats
← normalnocturnal

Arabia

509971558Analyzed
3v3 RM · 5d ago on Sep 28, 2026· 46m 7s· 6 players
Game mode
Random Map
Map size
Normal (6 player)
Population
200
Speed
Normal
Resources
Standard
Victory
Conquest
Starting age
Dark Age
Ending age
Imperial Age
RankedLock teamsTeams togetherTeam positionsShared explorationLock speedFull tech treeHidden civsTurbo modeCheats
Victory
Defeat
🇬🇧 Goths · United Kingdom
795
+15
🇬🇧 Huns · United Kingdom
791
+15
🇬🇧 Danes · United Kingdom
742
+17
🇪🇸 Chinese · Spain
851
-18
🇩🇪 Persians · Germany
767
-16
🇪🇸 Varangians · Spain
697
-13
normalnocturnal
2:42 Loom
11:28 Feudal Age
11:53 Man-at-Arms
12:38 Double-Bit Axe
12:40 Horse Collar
19:20 Wheelbarrow
24:10 Castle Age
22:50 Forging
22:47 Scale Mail Armor
23:51 Gold Mining
23:52 Stone Mining
25:16 Heavy Plow
25:29 Bow Saw
25:57 Hand Cart
26:14 Squires
25:37 Long Swordsman
31:38 Stone Shaft Mining
33:39 Caravan
36:59 Chain Mail Armor
37:20 Iron Casting
36:49 Pikeman
38:18 Coinage
40:55 Imperial Age
40:28 Anarchy
43:32 Blast Furnace
42:52 Perfusion
43:15 Conscription
45:15 Elite Huskarl
WarMachine
12:31 Feudal Age
13:14 Double-Bit Axe
14:29 Horse Collar
21:40 Castle Age
22:28 Squires
25:18 Pikeman
26:17 Bow Saw
29:17 Gold Mining
33:30 Imperial Age
33:48 Ballistics
34:49 Halberdier
37:00 Forging
36:50 Scale Mail Armor
37:52 Gold Shaft Mining
38:48 Town Watch
39:38 Wheelbarrow
38:49 Loom
39:26 Masonry
40:40 Hand Cart
41:59 Town Patrol
42:55 Chain Mail Armor
43:15 Iron Casting
42:32 Fletching
43:07 Arson
43:13 Elite Jomsviking
43:14 Hamask
44:15 Conscription
46:12 Blast Furnace
45:43 Plate Mail Armor
46:24 Stone Mining
ChrisVoor
2:32 Loom
12:15 Feudal Age
13:04 Horse Collar
13:12 Double-Bit Axe
22:48 Castle Age
22:07 Gold Mining
22:16 Stone Mining
24:21 Bow Saw
24:19 Heavy Plow
25:05 Bloodlines
26:36 Forging
26:32 Scale Barding Armor
27:24 Ballistics
27:15 Masonry
28:06 Gold Shaft Mining
29:08 Iron Casting
29:34 Town Watch
32:05 Marauders
34:01 Husbandry
38:35 Imperial Age
37:43 Chain Barding Armor
38:53 Wheelbarrow
38:18 Town Patrol
41:07 Two-Man Saw
41:29 Chemistry
40:30 Murder Holes
40:35 Fletching
42:14 Blast Furnace
41:12 Bodkin Arrow
42:24 Plate Barding Armor
42:21 Conscription
43:23 Hand Cart
42:45 Elite Tarkan
43:31 Bracer
kultures
12:49 Feudal Age
14:30 Wheelbarrow
14:16 Double-Bit Axe
18:36 Bloodlines
22:21 Forging
22:18 Scale Barding Armor
22:38 Gold Mining
28:44 Castle Age
27:27 Scale Mail Armor
27:17 Arson
28:34 Horse Collar
31:30 Husbandry
30:53 Light Cavalry
33:14 Gambesons
34:29 Squires
38:59 Heavy Plow
39:26 Chain Mail Armor
39:46 Iron Casting
39:33 Chain Barding Armor
39:58 Stone Mining
42:04 Stone Shaft Mining
44:32 Bow Saw
Acero
12:34 Feudal Age
15:33 Double-Bit Axe
16:07 Bloodlines
23:59 Castle Age
24:24 Scale Barding Armor
24:43 Forging
24:50 Light Cavalry
25:36 Husbandry
25:50 Horse Collar
28:15 Bow Saw
29:12 Heavy Plow
33:28 Stone Mining
ek55
5:06 Loom
9:41 Feudal Age
9:57 Horse Collar
10:34 Double-Bit Axe
12:10 Town Watch
15:57 Wheelbarrow
21:42 Fletching
23:39 Bloodlines
25:33 Castle Age
30:00 Bodkin Arrow
30:21 Bloodlines
29:52 Crossbowman
30:51 Bow Saw
30:43 Heavy Plow
31:41 Elite Skirmisher
32:30 Thumb Ring
37:40 Hand Cart
37:36 Padded Archer Armor
38:51 Pikeman
39:54 Ballistics
42:12 Imperial Age
39:58 Town Patrol
40:48 Heated Shot
41:03 Murder Holes
41:11 Kamandaran
42:42 Leather Archer Armor
43:31 Chemistry
43:14 Conscription
43:41 Hoardings
Connection lost

Rejoining the realm…

Still unreachable

The connection could not be restored.

Session expired

The server has moved on; the page needs a fresh start.